Map: Écho EC

Players

AgCl - Winner!

  • Race: Protoss Protoss

GanSiNiMa

  • Race: Terran Terran

VOD

Have the link to the VOD?

Description

Time

  • Played on: May 12, 2015, 10:23 p.m.
  • Length: 7:37
Show
View Real Time Build Order
Export as new Build Order

AgCl Protoss - Winner!

Build Orders:  

Get SALT Encoding   

  12  0:05  Probe  
  13  0:22  Assimilator  
  13  0:23  Probe  
  13  0:24  Pylon  
  14  0:42  Probe (Chrono Boost)  
  15  0:54  Probe (Chrono Boost)  
  16  1:01  Probe (Chrono Boost)  
  17  1:05  Gateway  
  18  1:11  Probe  
  18  1:23  Probe  
  19  1:35  Probe  
  20  1:47  Probe  
  21  1:57  Pylon  
  21  1:59  Probe  
  22  2:06  Assimilator  
  22  2:08  Pylon  
  22  2:13  Probe  
  22  2:15  Zealot (Chrono Boost)  
  24  2:22  Cybernetics Core  
  24  2:24  Gateway  
  24  2:25  Probe  
  25  2:42  Probe (Chrono Boost), Forge  
  26  2:54  Probe (Chrono Boost)  
  27  2:58  Warp Gate (Chrono Boost)  
  27  3:02  Probe (Chrono Boost)  
  27  3:03  Robotics Facility  
  27  3:05  Pylon  
  28  3:12  Mothership Core  
  30  3:16  Photon Cannon  
  30  3:25  Gateway  
  30  3:31  Gateway  
  30  3:35  Pylon  
  30  3:50  Observer (Chrono Boost)  
  29  4:05  Immortal (Chrono Boost)  
  33  4:13  Gateway  
  33  4:15  Pylon  
  33  4:20  Protoss Ground Weapons Level 1 (Chrono Boost)  
  33  4:36  Warp Prism (Chrono Boost)  
  35  4:58  Pylon  
  35  5:06  Pylon  
  34  5:17  Adept x2  
  34  5:18  Adept x2  
  42  5:22  Stalker  
  38  5:40  Stalker x2, Adept x2  
  38  6:03  Stalker, Adept x2  
  38  6:04  Adept x2  
  40  6:30  Adept x3  
  33  7:04  Stalker, Adept x2  
  33  7:05  Stalker  
  41  7:12  Stargate  
  41  7:15  Pylon  
Show
View Real Time Build Order
Export as new Build Order

GanSiNiMa Terran 

Build Orders: MMM Bio 

Get SALT Encoding   

  12  0:01  SCV  
  13  0:16  Supply Depot  
  13  0:17  SCV  
  14  0:30  SCV  
  14  0:32  Refinery  
  15  0:42  Barracks  
  15  0:45  SCV  
  16  0:57  SCV  
  17  1:09  SCV  
  18  1:21  SCV  
  19  1:34  Orbital Command, Marine  
  20  1:44  Supply Depot  
  20  1:51  Factory  
  20  1:53  Engineering Bay  
  20  1:55  Barracks Tech Lab  
  20  2:00  Refinery  
  20  2:01  SCV  
  23  2:30  Stimpack, Bunker, Marauder  
  23  2:32  Supply Depot  
  23  2:34  Factory Tech Lab  
  23  2:37  SCV  
  24  2:49  SCV  
  25  2:59  Engineering Bay  
  25  3:01  SCV  
  25  3:04  Cyclone  
  29  3:09  Marine  
  30  3:13  SCV  
  31  3:21  Command Center  
  31  3:27  Missile Turret  
  31  3:29  SCV  
  31  3:33  Marine  
  33  3:46  Terran Infantry Weapons Level 1  
  33  3:53  Factory Reactor, Barracks  
  33  3:55  Marine  
  34  4:02  Barracks  
  34  4:05  SCV  
  35  4:12  Marine  
  36  4:30  Marine  
  36  4:31  Combat Shields  
  37  4:41  Starport  
  37  4:46  Factory Reactor  
  37  4:48  Concussive Shells  
  37  4:54  Orbital Command  
  37  4:55  SCV  
  37  4:58  Marine  
  39  5:10  Marine x2  
  39  5:11  Refinery  
  39  5:12  Refinery  
  41  5:15  Bunker  
  32  5:49  SCV x2  
  34  5:54  Command Center  
  34  5:56  Medivac  
  36  6:01  SCV x2  
  36  6:13  SCV x2  
  36  6:14  Marine x2  
  36  6:15  Marine x2  
  35  6:25  SCV  
  22  6:32  Marine  
  18  6:35  Marine  
  18  6:36  Marine  
  12  6:58  Marine  
  11  7:03  SCV  
  10  7:18  Marine x3  
Tags
 
Composition
MMM Bio
Matchup
PvT
Add a new tag
Caveats
  • Supply blocks, unpowered buildings, or Contaminate may cause inaccurate times.
  • Supply counts are checked every 10 seconds.